 Dungeon Crawl Stone Soup version 0.29.0-13-gc9e81de378 (webtiles) character file.

Game seed: 17704182685797335291

9060 smilodon the Jester (level 11, -1/78 HPs)
             Began as a Demonspawn Fighter on Sept 8, 2022.
             Was a Follower of Nemelex Xobeh.
             Slain by a wraith (4 damage)
             ... led by Josephine
             ... on level 9 of the Dungeon.
             The game lasted 00:20:35 (8894 turns).

smilodon the Jester (Demonspawn Fighter)            Turns: 8894, Time: 00:20:36

Health: -1/78      AC: 18    Str: 26    XL:     11   Next: 18%
Magic:  20/20      EV: 13    Int:  5    God:    Nemelex Xobeh [*.....]
Gold:   614        SH:  5    Dex: 17    Spells: 10/10 levels left

rFire   + . .      SeeInvis .   s - +0 spear (vamp)
rCold   + + .      Faith    .   c - +0 buckler
rNeg    . . .      Spirit   .   b - +0 scale mail
rPois   +          Reflect  .   r - +2 hat {Will+}
rElec   .          Harm     .   q - +2 cloak
rCorr   .          Rampage  .   o - +3 Mad Mage's Maulers {Infuse+∞ RegenMP Int-3}
Will    +....                   (no boots)
Stlth   +.........              (no amulet)
HPRegen 0.23/turn               f - ring of Dihiusyss {rF+ rC++ Str+6}
MPRegen 0.57/turn               (no ring)

@: slowed, very slow
A: demonic guardian 1, foul stench 2, sturdy frame 3, weakness stinger 1, agile
1, poison resistance
a: Renounce Religion, Draw Escape, Draw Destruction, Draw Summoning


You were on level 9 of the Dungeon.
You worshipped Nemelex Xobeh.
Nemelex Xobeh was aware of your devotion.
You visited 1 branch of the dungeon, and saw 9 of its levels.

You collected 614 gold pieces.

Inventory:

Hand Weapons
 a - a +1 trident
 j - a +0 trident of venom
 s - a +0 vampiric spear (weapon)
 v - a +4 vorpal spear
Missiles
 i - 18 poisoned darts (quivered)
Armour
 b - a +0 scale mail (worn)
 c - a +0 buckler (worn)
 e - the +1 leather armour "Doareu Pigiy" {rF+ Stlth+}
   (You found it on level 8 of the Dungeon)

   rF:        It protects you from fire.
   Stlth:     It makes you more stealthy.
 o - the +3 Mad Mage's Maulers (worn) {Infuse+∞ RegenMP Int-3}
   (You acquired it on level 3 of the Dungeon)

   It empowers its wearer's blows with all of their magic.
   It causes its wearer's magical reserves to regenerate more quickly.
   Int:       It affects your intelligence (-3).
 q - a +2 cloak (worn)
 r - a +2 hat of willpower (worn)
Jewellery
 f - the ring of Dihiusyss (left hand) {rF+ rC++ Str+6}
   (You acquired it on level 2 of the Dungeon)

   [ring of strength]

   Str:       It affects your strength (+6).
   rF:        It protects you from fire.
   rC:        It greatly protects you from cold.
 t - a ring of resist corrosion
Scrolls
 d - a scroll of fog
 k - 2 scrolls of enchant armour
 l - 2 scrolls of magic mapping
 n - a scroll of torment
 u - a scroll of amnesia
Potions
 g - 2 potions of resistance


   Skills:
 - Level 4.5 Fighting
 + Level 8.5 Polearms
 + Level 8.8 Armour
 - Level 4.1 Dodging
 - Level 4.1 Shields
 * Level 12.6 Invocations


You had 10 spell levels left.
You didn't know any spells.
Your spell library contained the following spells:

 Spells                   Type           Power      Damage    Failure   Level
 Foxfire                  Conj/Fire      0%         2x1d4     61%         1
 Conjure Flame            Conj/Fire      0%         6-21      93%         3
 Gell's Gravitas          Tloc           0%         N/A       93%         3
 Ignite Poison            Fire/Tmut/Pois 0%         N/A       93%         3
 Inner Flame              Hex/Fire       0%         N/A       93%         3
 Lesser Beckoning         Tloc           0%         N/A       93%         3
 Mephitic Cloud           Conj/Pois/Air  0%         N/A       93%         3
 Teleport Other           Tloc           0%         N/A       93%         3
 Cause Fear               Hex            0%         N/A       100%        4
 Flame Wave               Conj/Fire      0%         2d4       100%        4
 Freezing Cloud           Conj/Ice/Air   0%         6-21      100%        5
 Dragon Form              Tmut           0%         N/A       100%        7
 Dragon's Call            Summ           0%         N/A       100%        9


Dungeon Overview and Level Annotations

Branches:
Dungeon (10/15)              Lair (0/5) D:8
 Temple: D:4-7          Orc: D:9-12

Altars:
Ashenzari
Dithmenos
Gozag
Hepliaklqana
Nemelex Xobeh
Okawaru
Uskayaw
Yredelemnul

Shops:
D:1 =   D:4 ?


Innate Abilities, Weirdness & Mutations

A weak demonic guardian rushes to your aid.
You sometimes emit foul miasma when damaged in melee.
Your movements are significantly less encumbered by armour. (ER -6)
You have a small tail.
You are agile. (Dex +4, Str/Int -1)
Your system is resistant to poisons. (rPois)


Message History

Aim: a wraith (62% to hit)
Okay, then.
Throw: throwing net
Press: ? - help, Q - select action, (/) - cycle Shift-Dir - straight line, f - wraith
Aim: a wraith (62% to hit, immune to nets)
You throw a throwing net.
The throwing net completely misses the wraith.
The throwing net barely misses the wraith.
The throwing net barely misses the worm.
You block the wraith's attack. The wraith hits you but does no damage.
The wraith attacks as you move away! You block the wraith's attack.
The wraith hits you.
* * * LOW HITPOINT WARNING * * *
A demonic guardian appears!
You emit a cloud of foul miasma!
There is an open door, spattered with blood here.
The wraith attacks as you move away! The wraith hits you!
* * * LOW HITPOINT WARNING * * *
Your ufetubus closely misses the wraith.
Your ufetubus hits the wraith but does no damage.
Your ufetubus hits the wraith but does no damage. x4
You block the wraith's attack. The wraith attacks as you move away!
The wraith misses you.
Your ufetubus hits the wraith.
Your ufetubus hits the wraith but does no damage.
The wraith attacks as you move away! You block the wraith's attack.
The wraith hits you.
* * * LOW HITPOINT WARNING * * *
The wraith drains your vigour!
You feel as though you will be slow longer.
The wraith misses you.
Your ufetubus hits the wraith but does no damage.
Your ufetubus barely misses the wraith.
There is an open door here.
The wraith attacks as you move away! The wraith hits you but does no damage.
Your ufetubus hits the wraith but does no damage.
Your ufetubus closely misses the wraith.
The wraith attacks as you move away! The wraith hits you.
You die...
Your body disappears without a glow.

............# #............# #..
............####............###..
......(.....w.W..................
.........#######'#########.(.....
....######...............########
....#...##...............#
#####...##.....W.........#
...#....#######W##.......#
...##...'.......@#.......# #
..w##)..#.....##.#.......# #
..)).)..#.....##.#.......# #
#####)..#.....##.'.......########
...##...#.....##.#.......#......#
...##.w.#........#.......#....#.#
...##>..#........#.......#....#.'
...##...#...##...#########....#.#
...##...#...##...#########......#


You could see 2 wraiths.

Vanquished Creatures
  Gastronok (D:9)
  A two-headed ogre (D:10)
  Erolcha (D:9)
  A kobold demonologist (D:9)
  A komodo dragon (D:8)
  2 hornets (D:8)
  2 wraiths
  2 wyverns
  9 yaks (D:8)
  A steam dragon (D:9)
  Menkaure (D:7)
  An orc warrior (D:4)
  2 water moccasins
  An ice beast (D:7)
  3 black bears (D:7)
  An ogre (D:4)
  A phantom (D:4)
  A centaur (D:7)
  A kobold brigand (D:8)
  Blork the orc (D:4)
  2 gnoll sergeants (D:9)
  5 bullfrogs
  A scorpion (D:3)
  19 wights
  Dowan (D:7)
  10 killer bees
  3 howler monkeys
  An orc priest (D:7)
  3 hounds
  2 orc wizards (D:4)
  Natasha (twice) (D:3)
  20 gnolls
  5 adders
  A worm (D:2)
  2 dart slugs (D:4)
  7 orcs
  4 bats
  4 endoplasms
  4 giant cockroaches
  7 goblins
  8 hobgoblins
  11 jackals
  8 kobolds
  2 quokkas
  6 ball pythons
  2 frilled lizards
  4 rats
  A spectral orc (D:4)
179 creatures vanquished.

Vanquished Creatures (collateral kills)
  Duvessa (D:7)
  An ice beast (D:10)
  A gnoll bouda (D:8)
  A gnoll (D:8)
  A bat (D:10)
5 creatures vanquished.

Vanquished Creatures (others)
  21 plants (D:8)
21 creatures vanquished.

Grand Total: 205 creatures vanquished

Notes
Turn   | Place    | Note
-------+----------+-------------------------------------------
     0 | D:1      | smilodon the Demonspawn Fighter began the quest for the
                  | Orb.
     0 | D:1      | Reached XP level 1. HP: 18/18 MP: 1/1
    47 | D:1      | Found Pusk's Jewellery Shop.
   187 | D:1      | Gained mutation: Your movements are slightly less
                  | encumbered by armour. (ER -2) [demonic ancestry]
   187 | D:1      | Reached XP level 2. HP: 19/24 MP: 2/2
   883 | D:1      | Reached skill level 1 in Dodging
   883 | D:1      | Gained mutation: You may rarely emit foul miasma when
                  | damaged in melee. [demonic ancestry]
   883 | D:1      | Reached XP level 3. HP: 29/29 MP: 3/3
  1715 | D:2      | Reached XP level 4. HP: 35/35 MP: 4/4
  1929 | D:2      | Identified a scroll of acquirement
  1929 | D:2      | Acquired the ring of Dihiusyss {rF+ rC++ Str+6}
  1949 | D:3      | Noticed Natasha
  1969 | D:3      | Killed Natasha
  2246 | D:3      | Noticed a +0 dagger
  2246 | D:3      | Noticed a +0 falchion
  2247 | D:3      | Noticed a +0 short sword
  2249 | D:3      | Noticed a +0 dagger
  2250 | D:3      | Noticed a +0 short sword
  2251 | D:3      | Noticed a +0 spear
  2251 | D:3      | Noticed a +0 spear
  2253 | D:3      | Noticed a +0 falchion
  2255 | D:3      | Found a hide-covered altar of Uskayaw.
  2336 | D:3      | Acquired the +3 Mad Mage's Maulers {Infuse+∞ RegenMP Int-3}
  2336 | D:3      | Found the +3 Mad Mage's Maulers {Infuse+∞ RegenMP Int-3}
  2586 | D:3      | Noticed Natasha
  2614 | D:3      | Killed Natasha
  2615 | D:3      | Gained mutation: You sometimes emit foul miasma when
                  | damaged in melee. [demonic ancestry]
  2615 | D:3      | Reached XP level 5. HP: 17/41 MP: 3/5
  2808 | D:3      | Gained mutation: You are agile. (Dex +4, Str/Int -1)
                  | [potion of mutation]
  2808 | D:3      | Gained mutation: Your system is resistant to poisons.
                  | (rPois) [potion of mutation]
  2900 | D:4      | Reached XP level 6. HP: 48/48 MP: 0/6
  2904 | D:4      | Noticed Blork the orc
  2912 | D:4      | Killed Blork the orc
  2930 | D:4      | Found Lorothra's Magic Scroll Shoppe.
  3007 | D:4      | Noticed a water moccasin
  3013 | D:4      | Killed a water moccasin
  3014 | D:4      | Gained mutation: A weak demonic guardian rushes to your
                  | aid. [demonic ancestry]
  3014 | D:4      | Reached XP level 7. HP: 54/54 MP: 1/7
  3536 | D:4      | Found a basalt altar of Yredelemnul.
  3768 | D:5      | Entered Level 5 of the Dungeon
  3768 | D:5      | You fall into a shaft and drop 2 floors!
  3768 | D:7      | Found a shadowy altar of Dithmenos.
  3795 | D:7      | Found an iron altar of Okawaru.
  3821 | D:7      | Gained mutation: Your movements are less encumbered by
                  | armour. (ER -4) [demonic ancestry]
  3821 | D:7      | Reached XP level 8. HP: 57/61 MP: 1/8
  3833 | D:7      | Reached skill level 5 in Armour
  3921 | D:7      | Reached skill level 5 in Polearms
  3949 | D:7      | Found a sparkling altar of Nemelex Xobeh.
  3974 | D:7      | Became a worshipper of Nemelex Xobeh the Trickster
  4054 | D:7      | Reached skill level 1 in Invocations
  4153 | D:7      | Reached skill level 2 in Invocations
  4307 | D:7      | Reached skill level 3 in Invocations
  4318 | D:7      | Reached skill level 4 in Invocations
  4318 | D:7      | Gained mutation: You have a small tail. [demonic ancestry]
  4318 | D:7      | Reached XP level 9. HP: 39/61 MP: 1/12
  4320 | D:7      | Found a broken altar of Ashenzari.
  4576 | D:7      | Reached skill level 5 in Invocations
  4628 | D:7      | Noticed Dowan
  4637 | D:7      | Killed Dowan
  4645 | D:7      | Noticed Duvessa
  4688 | D:7      | Killed Duvessa
  4936 | D:7      | Noticed Menkaure
  4945 | D:7      | Killed Menkaure
  5251 | D:8      | Reached skill level 6 in Invocations
  5469 | D:8      | Reached * piety under Nemelex Xobeh
  5907 | D:8      | Reached skill level 7 in Invocations
  5960 | D:8      | Reached skill level 8 in Invocations
  5981 | D:8      | Gained mutation: Your movements are significantly less
                  | encumbered by armour. (ER -6) [demonic ancestry]
  5981 | D:8      | Reached XP level 10. HP: 65/73 MP: 0/16
  5991 | D:8      | Reached skill level 9 in Invocations
  6215 | D:8      | Found a staircase to the Lair.
  6217 | D:8      | Identified the +1 leather armour "Doareu Pigiy" {rF+
                  | Stlth+}
  6250 | D:8      | Found a hazy altar of Hepliaklqana.
  6739 | D:8      | Reached skill level 10 in Invocations
  6878 | D:9      | Noticed Gastronok
  6897 | D:9      | Killed Gastronok
  7067 | D:9      | Reached skill level 11 in Invocations
  7381 | D:9      | Received a gift from Nemelex Xobeh
  7676 | D:9      | Noticed Erolcha
  7691 | D:9      | Killed Erolcha
  7748 | D:9      | Reached skill level 12 in Invocations
  7829 | D:9      | Found an opulent altar of Gozag.
  7937 | D:9      | Reached XP level 11. HP: 78/78 MP: 0/20
  8013 | D:10     | Entered Level 10 of the Dungeon
  8032 | D:10     | Noticed a two-headed ogre
  8319 | D:10     | Killed a two-headed ogre
  8560 | D:10     | Noticed Josephine
  8608 | D:10     | Noticed Josephine
  8608 | D:10     | Josephine changed into Josephine the elephant
  8622 | D:10     | Noticed Josephine
  8622 | D:10     | Josephine the elephant changed into Josephine the ice beast
  8628 | D:10     | Killed Josephine the ice beast
  8889 | D:9      | HP: 2/78 [wraith[Josephine] (10)]
  8894 | D:9      | Slain by a wraith

Illustrated notes

Levels and vault maps discovered:
D:1:      ncdulo_watergridlock, layout_basic, serial_shops, shop,
          serial_corexii_hall, chequers_hall_statues_y, corexii_hall_statues_i
D:2:      layout_loops_ring, grunt_decor_junction, kennysheep_generic_room_10
D:3:      layout_basic, nicolae_uskayaw_en_pointe, nrook_mini_backslash,
          uniq_natasha
D:4:      layout_cave_pools, yredelemnul_forgotten_temple_becter, serial_shops,
          nicolae_shop_hallway_stairs, uniq_blork_the_orc
D:5:      layout_layer_cave, patterned_corridor
D:7:      layout_rooms, overflow_temple_1_default, grunt_dithmenos_smoke,
          lemuel_crystal_altar, nicolae_ashenzari_skybound, serial_aquarium,
          aquarium_bridge_square [aquarium_subvault_wall,
          aquarium_subvault_bridge, aquarium_subvault_bridge,
          aquarium_subvault_window], aquarium_bridge_straight
          [aquarium_subvault_bridge, aquarium_subvault_wall,
          aquarium_subvault_bridge, aquarium_subvault_wall], aquarium_window_2,
          aquarium_window_fake, aquarium_view_2e, uniq_menkaure, uniq_duvessa
D:8:      layout_loops_corners, mainiacjoe_overflow_catwalk,
          david_lair_shrubbed, minmay_hedge_maze
D:9:      layout_stronghold, amcnicky_altar_gilded, uniq_gastronok, uniq_erolcha
D:10:     layout_gridville, minivault_8, uniq_snorg, uniq_fannar, uniq_josephine

Skill      XL: |  1  2  3  4  5  6  7  8  9 10 |
---------------+-------------------------------+-----
Polearms       | 2 3 4 6 7 8 |  8.5
Dodging        | 1 2 3 4 |  4.1
Armour         | 3 4 6 7 8 |  8.8
Shields        | 3 4 |  4.1
Fighting       | 4 |  4.5
Invocations    | 4 8 12 | 12.6

Action                   |  1- 3 |  4- 6 |  7- 9 | 10-12 || total
-------------------------+-------+-------+-------+-------++-------
Melee: Trident           |   143 |   116 |   200 |   115 ||   574
       Tailslap          |       |       |    15 |    41 ||    56
       Spear             |       |       |       |   134 ||   134
Throw: Dart              |       |       |     4 |    17 ||    21
       Throwing net      |       |       |       |     1 ||     1
Invok: Draw Destruction  |       |       |       |     4 ||     4
       Draw Summoning    |       |       |       |     3 ||     3
       Draw Escape       |       |       |       |     1 ||     1
Evoke: Wand              |       |       |    11 |       ||    11
  Use: Scroll            |     3 |     8 |     4 |     4 ||    19
       Potion            |     2 |     7 |     4 |     6 ||    19
 Stab: Invisible         |       |     4 |       |       ||     4
       Distracted        |       |       |     1 |       ||     1
Armor: Scale mail        |    57 |    51 |    63 |   136 ||   307
Dodge: Dodged            |    67 |    66 |    78 |   192 ||   403
Block: Buckler           |    32 |    26 |    34 |    98 ||   190
